 Dungeon Crawl Stone Soup version 0.28.0-1-gb440e238dd (webtiles) character file.

Game seed: 4316954070255089015

39 Kaptain the Digger (level 3, -7/23 HPs)
             Began as an Octopode Earth Elementalist on Feb 24, 2022.
             Killed from afar by Terence (8 damage)
             ... with a puff of flame
             ... on level 1 of the Dungeon.
             The game lasted 00:04:30 (1390 turns).

Kaptain the Digger (Octopode Earth Elementalist)    Turns: 1390, Time: 00:04:30

Health: -7/23      AC:  1    Str:  7    XL:     3   Next: 47%
Magic:  6/6        EV: 13    Int: 19    God:
Gold:   22         SH:  0    Dex: 12    Spells: 2/6 levels left

rFire   . . .      SeeInvis .   g - +0 hunting sling
rCold   . . .      Faith    .   (no shield)
rNeg    . . .      Spirit   .   (helmet restricted)
rPois   .          Reflect  .   (no amulet)
rElec   .          Harm     .   (no ring)
rCorr   .          Rampage  .   (no ring)
Will    .....                   (no ring)
Stlth   +++.......              (no ring)
HPRegen 0.07/turn               (no ring)
MPRegen 0.10/turn               (no ring)
                                (no ring)
                                (no ring)

@: no status effects
A: almost no armour, amphibious, 8 rings, camouflage 1, gelatinous body 1,
(nimble swimmer 1), tentacles
a: no special abilities


You were on level 1 of the Dungeon.
You visited 1 branch of the dungeon, and saw 2 of its levels.

You collected 22 gold pieces.

Inventory:

Hand Weapons
 g - a +0 hunting sling (weapon)
 h - a +0 short sword
Missiles
 a - 13 sling bullets (quivered ammo)
 b - 12 stones
Magical Staves
 i - a staff of earth
Scrolls
 d - a scroll of identify {unknown}
 e - a scroll of brand weapon {unknown}
 f - a scroll of enchant weapon {unknown}
Potions
 c - a potion of haste {unknown}


   Skills:
 + Level 1.0 Fighting
 + Level 2.3 Dodging
 + Level 3.0 Stealth
 * Level 2.4 Spellcasting
 * Level 0.0 Conjurations
 - Level 1.0 Transmutations
 * Level 3.4 Earth Magic


You had 2 spell levels left.
You knew the following spells:

 Your Spells              Type           Power      Damage    Failure   Level
a - Sandblast             Erth           30%        2d9       4%          1
b - Stone Arrow           Conj/Erth      16%        3d8       24%         3

Your spell library contained the following spells:

 Spells                   Type           Power      Damage    Failure   Level
 Passwall                 Tmut/Erth      8%         N/A       10%         2
 Petrify                  Tmut/Erth      10%        N/A       54%         4


Dungeon Overview and Level Annotations

Branches:
Dungeon (2/15)

Altars:

Annotations:
D:1 Terence


Innate Abilities, Weirdness & Mutations

You cannot wear most types of armour.
You are amphibious.
You can wear up to eight rings at the same time.
Your skin changes colour to match your surroundings (Stealth+).
Your rubbery body absorbs attacks. (AC +1, EV +1)
((You are camouflaged when in or above water. (Stealth+)))
You have tentacles for arms and can constrict up to eight enemies at once.


Message History

There is an open door here.
There is an open door here.
There is a stone staircase leading down here.
You climb downwards.
Found a stone staircase leading up.
There is a stone staircase leading up here.
Fire: 15 sling bullets
Press: ? - help, Q - select action, (/) - cycle Shift-Dir - straight line, f - Terence
Aim: Terence, wielding a +0 flail, wearing a +0 scale mail and carrying a wand of flame (25) (asleep, 98% to hit)
You shoot a sling bullet.
The sling bullet hits Terence but does no damage.
Terence shouts!
Fire: 14 sling bullets
Press: ? - help, Q - select action, (/) - cycle Shift-Dir - straight line, f/p - Terence
Aim: Terence, wielding a +0 flail, wearing a +0 scale mail and carrying a wand of flame (25) (60% to hit)
You shoot a sling bullet. The kobold shouts!
The sling bullet hits Terence.
Terence is moderately wounded.
You climb upwards.
There is a stone staircase leading down here.
Unknown command.
Unknown command.
There is a stone staircase leading down here.
You climb downwards.
Level annotation: Terence
There is a stone staircase leading up here.
Unknown command.
Terence barely misses you.
You climb upwards.
There is a stone staircase leading down here.
Unknown command.
Terence zaps a wand.
The puff of flame hits you.
Terence zaps a wand.
The puff of flame hits you!
Terence shouts, "DIE!!!"
Terence zaps a wand.
The puff of flame hits you!
* * * LOW HITPOINT WARNING * * *
Terence zaps a wand.
The puff of flame misses you.
Terence zaps a wand.
The puff of flame hits you!
You die...

#..# ##.# #.##
#@.# #########
##.# ........##
#.# ♣..<..♣..# #.#
........## #.#
###'##### ######@#
##...######...##.#
...............#.#
...⌠........⌠..#.#
...............#.#
##...######...##.#
##>## ##'###.# ###
###..# #.# ##
####...## #.#


You could see Terence.

Vanquished Creatures
  4 ball pythons (D:1)
  3 bats (D:1)
  4 endoplasms (D:1)
  3 giant cockroaches (D:1)
  4 goblins (D:1)
  2 hobgoblins (D:1)
  2 jackals (D:1)
  6 quokkas (D:1)
  2 frilled lizards (D:1)
  A kobold (D:1)
  4 rats (D:1)
35 creatures vanquished.

Vanquished Creatures (others)
  11 fungi (D:1)
  A plant (D:1)
12 creatures vanquished.

Grand Total: 47 creatures vanquished

Notes
Turn   | Place    | Note
-------+----------+-------------------------------------------
     0 | D:1      | Kaptain the Octopode Earth Elementalist began the quest for
                  | the Orb.
     0 | D:1      | Reached XP level 1. HP: 11/11 MP: 3/3
   244 | D:1      | Reached XP level 2. HP: 17/17 MP: 3/5
   465 | D:1      | Found a faded altar of an unknown god.
   624 | D:1      | Reached XP level 3. HP: 22/22 MP: 3/6
   630 | D:1      | Learned a level 3 spell: Stone Arrow
   732 | D:1      | Reached skill level 1 in Fighting
  1309 | D:2      | Noticed Terence
  1387 | D:1      | HP: 1/23 [Terence/puff of flame (7)]
  1390 | D:1      | Killed from afar by Terence

Illustrated notes

Levels and vault maps discovered:
D:1:      minmay_arrival_split_and_join, layout_basic,
          shapermc_ecumenical_altar_hornbeckon, minmay_strange_pillars,
          minmay_nonomino_d4
D:2:      layout_rooms, kennysheep_crisscross, kennysheep_cross_bottleneck,
          uniq_terence, uniq_natasha, uniq_crazy_yiuf_cottage

Skill      XL: |  1  2  3 |
---------------+----------+-----
Stealth        | 3 |  3.0
Fighting       | 1 |  1.0
Dodging        | |  2.3
Spellcasting   | |  2.4
Transmutations | |  1.0
Earth Magic    | |  3.4

Action                   || total
-------------------------++-------
Melee: Unarmed           ||    15
       Constrict         ||     5
       Tentacles         ||     5
       Club              ||     3
       Short sword       ||     2
 Fire: Hunting sling     ||    31
 Cast: Sandblast         ||    28
 Stab: Sleeping          ||     4
Armor: Skin              ||     6
Dodge: Dodged            ||    30
